 Dungeon Crawl Stone Soup version 0.17.0-28-g6e173f8 (webtiles) character file.

102 Ithica the Covered (level 4, -5/40 HPs)
             Began as a Minotaur Fighter on Nov 24, 2015.
             Killed by nerve-wracking pain
             ... invoked by Grinder
              (9 damage)
             ... on level 3 of the Dungeon.
             The game lasted 00:04:14 (1503 turns).

Ithica the Covered (Minotaur Fighter)               Turns: 1503, Time: 00:04:14

Health: -5/40      AC:  7    Str: 21    XL:     4   Next: 50%
Magic:  3/3        EV:  8    Int:  5    God:
Gold:   65         SH:  9    Dex: 10    Spells: 0 memorised, 3 levels left

rFire  . . .     SeeInvis .     a - +0 long sword
rCold  . . .     Clarity  .     b - +0 scale mail
rNeg   . . .     SustAt   +     c - +0 shield
rPois  .         Gourm    .     (helmet restricted)
rElec  .         Spirit   .     (no cloak)
rCorr  .         Warding  .     (no gloves)
rMut   .         Stasis   .     (no boots)
MR     .....                    (no amulet)
Stlth  ..........               (no ring)
                                s - ring of sustain attributes

@: not resistant to hostile enchantments, extremely unstealthy
A: retaliatory headbutt, horns 2
a: no special abilities


You were on level 3 of the Dungeon.
You were not hungry.

You visited 1 branch of the dungeon, and saw 3 of its levels.

You collected 65 gold pieces.

Inventory:

Hand Weapons
 a - a +0 long sword (weapon)
Missiles
 n - 2 throwing nets (quivered)
Armour
 b - a +0 scale mail (worn)
 c - a +0 shield (worn)
 o - a +0 helmet
 p - a +0 ring mail
 q - a +0 leather armour
Jewellery
 s - a ring of sustain attributes (left hand)
Scrolls
 g - a scroll of fog {unknown}
 i - a scroll of teleportation {r, unknown}
 j - 2 scrolls of enchant armour {unknown}
 k - a scroll of fear {unknown}
Potions
 d - a potion of might
 f - 3 potions of brilliance {unknown}
 l - a potion of magic {unknown}
 m - a potion of resistance {unknown}
Comestibles
 e - 2 bread rations
 h - 9 fruits
 r - 10 chunks of flesh


   Skills:
 + Level 4.3 Fighting
 + Level 2.8 Long Blades
 + Level 4.7 Armour
 + Level 1.2 Dodging
 + Level 4.6 Shields


You had 3 spell levels left.
You didn't know any spells.

Dungeon Overview and Level Annotations

Branches:
Dungeon (3/15)

Altars:
Okawaru
The Shining One

Annotations:
D:3 Grinder


Innate Abilities, Weirdness & Mutations

You reflexively headbutt those who attack you in melee.
You have a pair of horns on your head.


Message History

Grinder is heavily wounded.
Grinder barely misses you.
You hit Grinder. You headbutt Grinder.
Grinder is heavily wounded.
Grinder gestures.
Grinder blinks!
Grinder gestures at you.
You suddenly lose the ability to move!
Grinder gestures at you. Pain shoots through your body!
* * * LOW HITPOINT WARNING * * *
You can move again.
Grinder says, "FISH!"
You see here a smoky pink potion.
Grinder gestures at you. Pain shoots through your body!
* * * LOW HITPOINT WARNING * * *
Grinder gestures at you. Pain shoots through your body!
You die...

..............##
<................
................####
....................##
......................
......................
.......................
.................!..........
................@...5..#....
............................
....................$....$..
....>..................#....
.......................# ...
.......................# ).
.......................# .
.......................#
.......................#


You could see Grinder.

Vanquished Creatures
  A worker ant (D:3)
  2 adders
  An ooze (D:3)
  2 giant geckos (D:1)
  6 orcs (D:3)
  6 hobgoblins
  3 jackals (D:3)
  6 bats
  A giant newt (D:1)
  5 goblins
  6 kobolds (D:1)
  5 rats (D:1)
44 creatures vanquished.

Notes
Turn   | Place    | Note
--------------------------------------------------------------
     0 | D:1      | Ithica the Minotaur Fighter began the quest for the Orb.
     0 | D:1      | Reached XP level 1. HP: 19/19 MP: 0/0
   177 | D:1      | Reached XP level 2. HP: 24/27 MP: 1/1
   200 | D:1      | Reached skill level 4 in Shields
  1083 | D:2      | Reached XP level 3. HP: 33/33 MP: 2/2
  1142 | D:2      | Found an iron altar of Okawaru.
  1188 | D:2      | You fall through a shaft!
  1195 | D:3      | Reached skill level 1 in Dodging
  1224 | D:3      | Reached XP level 4. HP: 30/40 MP: 3/3
  1351 | D:3      | Found a glowing golden altar of the Shining One.
  1481 | D:3      | Noticed Grinder
  1497 | D:3      | Paralysed by Grinder for 3 turns
  1503 | D:3      | Killed from afar by Grinder

Action                   |  1- 3 |  4- 6 || total
-------------------------+-------+-------++-------
Melee: Long sword        |    69 |    39 ||   108
  Eat: Fruit             |     1 |       ||     1
       Chunk             |       |     1 ||     1
